 Dungeon Crawl Stone Soup version 0.32-a0-705-g60f2335 (webtiles) character file.

Game seed: 10443048755589027337

707 Dorkslayer the Ruffian (level 7, -8/46 HPs)
             Began as an Octopode Fighter on Mar 14, 2024.
             Mangled by an orc warrior
             ... wielding a +0 war axe
              (16 damage)
             ... on level 5 of the Dungeon.
             The game lasted 00:11:03 (4655 turns).

Dorkslayer the Ruffian (Octopode Fighter)           Turns: 4655, Time: 00:11:03

Health: -8/46      AC:  1    Str: 17    XL:     7   Next: 67%
Magic:  7/7        EV: 12    Int: 11    God:
Gold:   203        SH:  5    Dex: 11    Spells: 6/6 levels left

rFire   . .          .
                       - Unarmed
rCold   . . .        a - +1 buckler
rNeg    . . .        (helmet restricted)
rPois   .            (no amulet)
rElec   .            (no ring)
rCorr   .            (no ring)
SInv    .            (no ring)
Will    .....        (no ring)
Stlth   +++          (no ring)
HPRegen 0.27/turn    (no ring)
MPRegen 0.10/turn    (no ring)
                     (no ring)

%: no passive effects
@: no status effects
A: almost no armour, amphibious, 8 rings, camouflage 1, gelatinous body 1,
(nimble swimmer 1), tentacles
a: no special abilities


You were on level 5 of the Dungeon.
You visited 1 branch of the dungeon, and saw 6 of its levels.
You also visited: Sewer.

You collected 263 gold pieces.
You spent 60 gold pieces at shops.

Inventory:

Hand Weapons
 b - a +0 war axe
Missiles
 e - 15 boomerangs (quivered)
Armour
 a - a +1 buckler (worn)
Jewellery
 d - a +6 ring of intelligence
Wands
 f - a wand of polymorph (9)
 g - a wand of flame (12)
Scrolls
 h - a scroll of blinking
 i - a scroll of immolation
 n - a scroll of butterflies
 o - a scroll of teleportation
Potions
 c - 3 potions of lignification
 j - 2 potions of curing
 k - a potion of haste {unknown}
 l - a potion of invisibility {unknown}
 m - a potion of berserk rage
 q - a potion of attraction {unknown}
 r - a potion of might
 s - a potion of degeneration {unknown}
 t - 2 potions of enlightenment {unknown}
 u - a potion of cancellation {unknown}


   Skills:
 + Level 3.6 Fighting
 + Level 4.0 Dodging
 + Level 3.9 Stealth
 + Level 3.6 Shields
 * Level 6.7 Unarmed Combat


You had 6 spell levels left.
You didn't know any spells.
Your spell library contained the following spells:

 Spells                   Type           Power      Damage    Failure   Level
 Magic Dart               Conj           0%         1d3       41%         1
 Slow                     Hex            0%         N/A       41%         1
 Summon Small Mammal      Summ           0%         N/A       41%         1
 Searing Ray              Conj           0%         2d4       56%         2
 Call Canine Familiar     Summ           0%         N/A       80%         3
 Confusing Touch          Hex            0%         N/A       80%         3
 Vampiric Draining        Necr           0%         2d6       80%         3
 Fulminant Prism          Conj/Alch      0%         3d5       99%         4
 Summon Blazeheart Golem  Fire/Summ      0%         N/A       99%         4


Dungeon Overview and Level Annotations

Branches:
Dungeon (6/15)              Sewer (visited)
 Temple: D:4-7

Altars:
Kikubaaqudgha
Qazlal
Ru
Vehumet
Zin

Shops:
D:1 *   D:3 *


Innate Abilities, Weirdness & Mutations

You cannot wear most types of armour.
You are amphibious.
You can wear up to eight rings at the same time.
Your skin changes colour to match your surroundings (Stealth+).
Your rubbery body absorbs attacks. (AC +1, EV +1)
((You are camouflaged when in or above water. (Stealth+)))
You have tentacles for arms and can constrict up to eight enemies at once.


Message History

There is an open door here.
Found a spear.
You see here a +0 spear.
An orc warrior comes into view. It is wielding a +0 war axe.
An orc comes into view. It is wielding a +0 club.
The orc warrior moves out of view.
An orc comes into view. It is wielding a +0 flail.
The orc shouts!
You hear an angry hiss.
You closely miss the orc warrior.
The orc shouts!
Your grab misses the orc warrior.
The orc warrior hits you with a +0 war axe!
You closely miss the orc warrior. Your grab misses the orc warrior.
Your tentacle-slap misses the orc warrior.
You squeeze the orc warrior!
The orc warrior is moderately wounded.
The orc warrior misses you.
You tentacle-slap the orc warrior. Your grab misses the orc warrior.
You squeeze the orc warrior, but do no damage.
The orc warrior is moderately wounded.
The orc warrior hits you with a +0 war axe!
You tentacle-slap the orc warrior. Your grab misses the orc warrior.
Your squeeze misses the orc warrior.
The orc warrior is heavily wounded.
The orc warrior hits you with a +0 war axe!
* * * LOW HITPOINT WARNING * * *
You tentacle-slap the orc warrior but do no damage.
Your grab misses the orc warrior.
You tentacle-slap the orc warrior, but do no damage.
The orc warrior is heavily wounded.
An adder comes into view. x2
You closely miss the orc warrior.
The adder hisses angrily. x2
You grab the orc warrior.
You tentacle-slap the orc warrior, but do no damage.
You squeeze the orc warrior.
The orc warrior is heavily wounded.
You constrict the orc warrior.
The orc warrior hits you with a +0 war axe!
You die...

.# .. .# .S. .# ..S.
.##.... ..o.. .o.
###########.###.##
#.........@o......
#.#########+######
#.# #.......
####.###..[...
#......+.....
#.##.###.... #.##.#
#..
#.##.####.##########
#)##..............†#


You could see an orc warrior, 2 adders and 2 orcs.

Vanquished Creatures
  A sky beast (D:6)
  A bullfrog (Sewer)
  A bombardier beetle (D:5)
  An orc priest (D:3)
  A sleepcap (D:5)
  3 iguanas
  3 orc wizards
  4 gnolls (D:4)
  2 river rats (D:3)
  7 adders
  4 ribbon worms
  13 dart slugs
  12 orcs
  7 endoplasms
  17 giant cockroaches
  8 hobgoblins
  2 jackals (D:1)
  9 kobolds
  8 quokkas
  14 ball pythons
  7 bats
  16 frilled lizards
  7 goblins
  6 rats
154 creatures vanquished.

Notes
Turn   | Place    | Note
-------+----------+-------------------------------------------
     0 | D:1      | Dorkslayer the Octopode Fighter began the quest for the
                  | Orb.
     0 | D:1      | Reached XP level 1. HP: 16/16 MP: 1/1
   154 | D:1      | Reached XP level 2. HP: 16/21 MP: 2/2
   577 | D:1      | Reached XP level 3. HP: 26/26 MP: 3/3
   616 | D:1      | Found Plog's Assorted Antiques.
   633 | D:1      | Bought a scroll labelled KUMPOTINUE for 30 gold pieces
   633 | D:1      | Bought a scroll labelled YCIVOR SIWAYX for 30 gold pieces
   833 | D:1      | Found a faded altar of an unknown god.
  1362 | D:2      | Reached skill level 1 in Stealth
  1362 | D:2      | Reached XP level 4. HP: 31/31 MP: 4/4
  1490 | D:2      | Reached skill level 3 in Unarmed Combat
  2338 | D:3      | Reached XP level 5. HP: 36/36 MP: 5/5
  2350 | D:3      | You fall into a shaft and drop 3 floors!
  2379 | D:6      | Reached skill level 4 in Unarmed Combat
  2396 | D:6      | Noticed a sky beast
  2409 | D:6      | Killed a sky beast
  2410 | D:6      | Reached XP level 6. HP: 16/42 MP: 6/6
  2506 | D:5      | Entered Level 5 of the Dungeon
  2530 | D:5      | Noticed a water moccasin
  2535 | D:5      | Reached skill level 5 in Unarmed Combat
  2556 | D:4      | Found a sacrificial altar of Ru.
  2565 | D:3      | Found Zin's Purification Station.
  2571 | D:3      | Found a glowing silver altar of Zin.
  2698 | D:3      | Found a glowing drain.
  2702 | Sewer    | Entered a sewer
  2930 | Sewer    | Reached XP level 7. HP: 32/46 MP: 7/7
  3690 | D:3      | Reached skill level 6 in Unarmed Combat
  3786 | D:3      | Found a stormy altar of Qazlal.
  3926 | D:4      | Found a radiant altar of Vehumet.
  4235 | D:4      | Found an ancient bone altar of Kikubaaqudgha.
  4259 | D:4      | Identified the +4 ring mail "Qalaylem" {*Corrode Str-3
                  | Int+8}
  4655 | D:5      | Mangled by an orc warrior

Illustrated notes

Levels and vault maps discovered:
D:1:      matt_arrival_grand_opening, layout_loops_corners,
          shapermc_ecumenical_altar_mp_ritualfount, serial_shops, shop,
          minmay_misc_feat_rows, minmay_stone_trees_medium,
          chequers_serial_rivers_large_b, minmay_tall_x
D:2:      layout_basic, serial_corexii_hall, chequers_hall_statues_corner_a,
          corexii_hall_statues_x
D:3:      layout_loops_corners, nicolae_overflow_hidden_temple, zin_purify,
          gup_sewer_entry_spiral
D:4:      layout_loops_cross, lemuel_crystal_altar, mainiacjoe_overflow_catwalk,
          mainiacjoe_overflow_concentric_impassable
D:5:      layout_basic, fedhas_altar_1, st_stairs_8
D:6:      layout_gridville, chei_slow_surprise, uniq_sigmund, uniq_jeremiah

Skill      XL: |  1  2  3  4  5  6  7 |
---------------+----------------------+-----
Stealth        | 1 2 3 |  3.9
Unarmed Combat | 3 4 5 6 |  6.7
Dodging        | 4 |  4.0
Fighting       | |  3.6
Shields        | |  3.6

Action                     |  1- 3 |  4- 6 |  7- 9 || total
---------------------------+-------+-------+-------++-------
  Melee: Unarmed           |    71 |   108 |    85 ||   264
         Tentacles         |    17 |    26 |    20 ||    63
         Constrict         |    19 |    31 |    29 ||    79
         Punch             |     1 |     2 |     5 ||     8
    Use: Scroll            |     3 |     6 |     3 ||    12
         Potion            |       |     2 |       ||     2
   Stab: Sleeping          |     6 |     5 |    14 ||    25
         Distracted        |       |       |     1 ||     1
 Armour: Skin              |    21 |    55 |    27 ||   103
  Dodge: Dodged            |    35 |    61 |    19 ||   115
  Block: Buckler           |    12 |    31 |     9 ||    52

Table legend: (Time is in decaauts)
 A = Elapsed time spent in this place.
 B = Non-inter-level travel time spent in this place.
 C = Inter-level travel time spent in this place.
 D = Time resting spent in this place.
 E = Time spent auto-exploring this place.
 F = Levels seen in this place.
 G = Mean time per level.
                   A        B        C        D        E       F      G
               +--------+--------+--------+--------+--------+-----+--------+
         Total |   4641 |   4641 |      0 |    186 |   2381 |   7 |  663.0 |
       Dungeon |   4171 |   4171 |      0 |     94 |   2279 |   6 |  695.2 |
         Sewer |    470 |    470 |      0 |     92 |    102 |   1 |  470.0 |
               +--------+--------+--------+--------+--------+-----+--------+

Top non-repeatable levels by time:
     D:1: 1232 daAuts
     D:3: 1036 daAuts
     D:2: 950 daAuts
     D:4: 579 daAuts
   Sewer: 470 daAuts
     D:5: 217 daAuts
     D:6: 155 daAuts
